General information
			
			
        
        - name: BNet
 
        - type: Ladder 1vs1/FFA
 
        - host: Battle.net
 
        - saver: inF.ArAchNo
 
        
map: TerenasStand 
        - players: 2
 
        - length: 26:13
 
        - speed: Fast
 - version: 1.20 W3XP
 - replay type:  Public
 
» download(129 KB)
Players
        team 1 (loser) 
              
              
contrakt-killer (
pink | 192 APM | 5044 actions | 26:13)
              
 5 Archmage 
 3 Summon Water Elemental
 2 Brilliance Aura
 4 Mountain King 
 2 Storm Bolt
 2 Thunder Clap
 2 Paladin 
 1 Holy Light
 1 Divine Shield
 
                » actions 
                
                | Assign group hotkey | 121 |  | 
| Basic commands | 19 |  | 
| Build / train | 97 |  | 
| ESC pressed | 4 |  | 
| Enter build submenu | 24 |  | 
| Enter hero's abilities submenu | 11 |  | 
| Give item / drop item | 7 |  | 
| Right click | 2346 |  | 
| Select / deselect | 713 |  | 
| Select group hotkey | 1476 |  | 
| Use ability | 226 |  | 
                5044 total
 » units 
                
                | Peasant | 27 |  | 
| Footman | 7 |  | 
| Priest | 8 |  | 
| Knight | 8 |  | 
| Flying Machine | 2 |  | 
                52 total
 » upgrades
                
                | Priest Training | 2 |  | 
| Flak Cannons | 1 |  | 
| Animal War Training | 1 |  | 
| Plating | 1 |  | 
                5 total
 » buildings
                
                | Altar of Kings | 1 |  | 
| Barracks | 1 |  | 
| Farm | 9 |  | 
| Keep | 1 |  | 
| Arcane Vault | 2 |  | 
| Scout Tower | 4 |  | 
| Lumber Mill | 1 |  | 
| Guard Tower | 8 |  | 
| Town Hall | 1 |  | 
| Arcane Sanctum | 1 |  | 
| Castle | 2 |  | 
| Blacksmith | 1 |  | 
| Workshop | 1 |  | 
                33 total
 » build order
                00:15 Altar of Kings
00:28 Barracks
00:40 Farm
01:12 Farm
01:53 Farm
03:02 Keep
03:31 Arcane Vault
06:27 Scout Tower
06:28 Lumber Mill
06:31 Scout Tower
08:04 Guard Tower
08:04 Guard Tower
08:10 Arcane Vault
09:52 Town Hall
09:55 Scout Tower
09:57 Scout Tower
10:23 Guard Tower
10:23 Guard Tower
10:24 Guard Tower
10:33 Arcane Sanctum
12:46 Castle
12:47 Castle
13:26 Blacksmith
13:53 Guard Tower
15:25 Workshop
15:26 Farm
16:07 Farm
19:25 Farm
22:00 Farm
22:00 Farm
24:43 Farm
» items
                
                | Scroll of Regeneration | 2 |  | 
| Potion of Healing | 2 |  | 
| Ivory Tower | 2 |  | 
| Staff of Sanctuary | 1 |  | 
                7 total
  
               team 2 (winner) 
              
              
inF.ArAchNo (
blue | 141 APM | 3693 actions | 26:13)
              
 6 Beastmaster 
 3 Summon Quilbeast
 2 Summon Hawk
 1 Stampede
 5 Firelord 
 3 Summon Lava Spawn
 2 Soul Burn
 3 Dark Ranger 
 1 Black Arrow
 2 Silence
 
                » actions 
                
                | Assign group hotkey | 121 |  | 
| Basic commands | 3 |  | 
| Build / train | 83 |  | 
| Enter build submenu | 19 |  | 
| Enter hero's abilities submenu | 14 |  | 
| Give item / drop item | 6 |  | 
| Remove unit from queue | 4 |  | 
| Right click | 1813 |  | 
| Select / deselect | 654 |  | 
| Select group hotkey | 782 |  | 
| Use ability | 194 |  | 
                3693 total
 » units 
                
                | Acolyte | 4 |  | 
| Ghoul | 19 |  | 
| Crypt Fiend | 16 |  | 
| Obsidian Statue | 2 |  | 
                41 total
 » upgrades
                
                | Burrow | 1 |  | 
| Creature Carapace | 2 |  | 
| Web | 1 |  | 
| Destroyer Form | 1 |  | 
| Creature Attack | 1 |  | 
                6 total
 » buildings
                
                | Crypt | 3 |  | 
| Ziggurat | 8 |  | 
| Altar of Darkness | 1 |  | 
| Tomb of Relics | 1 |  | 
| Nerubian Tower | 1 |  | 
| Graveyard | 1 |  | 
| Halls of the Dead | 1 |  | 
| Slaughterhouse | 1 |  | 
| Black Citadel | 1 |  | 
                18 total
 » build order
                00:07 Crypt
00:10 Crypt
00:12 Ziggurat
00:39 Altar of Darkness
01:01 Tomb of Relics
01:08 Ziggurat
02:24 Crypt
02:54 Ziggurat
04:55 Nerubian Tower
05:26 Graveyard
06:26 Halls of the Dead
08:47 Slaughterhouse
10:39 Ziggurat
15:36 Black Citadel
15:39 Ziggurat
24:26 Ziggurat
24:27 Ziggurat
24:27 Ziggurat
» items
                
                | Rod of Necromancy | 5 |  | 
| Potion of Mana | 1 |  | 
| Orb of Corruption | 1 |  | 
| Potion of Healing | 1 |  | 
| Scroll of Town Portal | 1 |  | 
                9 total
  
                Chat log
          (00:26 / All) contrakt-killer: whats your race plz?
(00:28 / All) inF.ArAchNo: ud
(00:31 / All) contrakt-killer: ok thx
(00:32 / All) inF.ArAchNo: u human?
(00:33 / All) inF.ArAchNo: np
(00:34 / All) contrakt-killer: i didnt see
(00:34 / All) inF.ArAchNo: :)
(00:34 / All) contrakt-killer: y
(03:42 / All) contrakt-killer: lol
(03:44 / All) inF.ArAchNo: ^^
(05:06 / All) contrakt-killer: no micro abuser :)
(05:11 / All) inF.ArAchNo: did'nt saw
(05:14 / All) contrakt-killer: y
(05:15 / All) contrakt-killer: no micro noob
(08:15 / All) inF.ArAchNo: ++
(11:30 / All) contrakt-killer: ladder abuser
(14:25 / All) contrakt-killer: fucking noob
(15:31 / All) contrakt-killer: fucking noob
(15:33 / All) inF.ArAchNo: -_-
(20:32 / All) contrakt-killer: fuck you noob
(20:47 / All) contrakt-killer: FUCK YOU NOBO
(20:50 / All) inF.ArAchNo: rofl
(20:56 / All) contrakt-killer: NOOOB
(20:57 / All) contrakt-killer: FUCKIGN NOOB
(21:10 / All) contrakt-killer: FUCKING NOOB
(21:11 / All) contrakt-killer: DIE NOOB
(21:31 / All) inF.ArAchNo: how so manner?
(21:35 / All) contrakt-killer: die noob
(21:39 / All) inF.ArAchNo: rofl
(21:40 / All) contrakt-killer: i wish your mother die on aids
(21:41 / All) contrakt-killer: noob
(21:45 / All) inF.ArAchNo: get a life
(21:52 / All) inF.ArAchNo: it's a stupid game
(21:55 / All) contrakt-killer: die noob
(22:25 / All) contrakt-killer: DIE NOOB
(23:00 / All) contrakt-killer: DIE NOOB
(23:12 / All) contrakt-killer: FUCKING LADDER ABUSER
(23:30 / All) contrakt-killer: die noob
(23:32 / All) inF.ArAchNo: u get raped
(23:32 / All) contrakt-killer: i hate you
(23:33 / All) inF.ArAchNo: by bm
(23:35 / All) inF.ArAchNo: xD
(23:35 / All) contrakt-killer: i hate you so much
(23:51 / All) contrakt-killer: fucking noob
(23:52 / All) contrakt-killer: die
(23:53 / All) contrakt-killer: i hate you
(23:56 / All) inF.ArAchNo: rofl
(23:58 / All) contrakt-killer: I WISH YOUR MOTHER DIE ON AIDS
(24:00 / All) inF.ArAchNo: top 9 solo lader
(24:03 / All) inF.ArAchNo: raped by bm
(24:04 / All) inF.ArAchNo: rofl
(24:08 / All) contrakt-killer: die noob
(24:10 / All) contrakt-killer: i hate you
(24:18 / All) inF.ArAchNo: ur going to my whine collection
(24:19 / All) inF.ArAchNo: !
(24:23 / All) contrakt-killer: die
(24:24 / All) contrakt-killer: noob
(24:26 / All) contrakt-killer: i hate you
(25:13 / All) inF.ArAchNo: hello giro
(25:57 / All) contrakt-killer: die noob
(26:01 / All) contrakt-killer: go fucking die
(26:03 / All) contrakt-killer: ladder abuser
(26:04 / All) contrakt-killer: me> you
(26:07 / All) contrakt-killer: u never be as good as i am
(26:11 / All) inF.ArAchNo: gg
(26:12 / All) contrakt-killer: fuc kyou